 Dungeon Crawl Stone Soup version 0.28.0-53-g5a82cb258f (webtiles) character file.

Game seed: 10069600559340287896

1747 safid the Cleaver (level 9, -12/71 HPs)
             Began as a Hill Orc Fighter on July 15, 2022.
             Was a Believer of Beogh.
             Mangled by an orc warrior
             ... wielding a +0 dire flail
              (19 damage)
             ... on level 8 of the Dungeon.
             The game lasted 00:09:50 (8438 turns).

safid the Cleaver (Hill Orc Fighter)                Turns: 8438, Time: 00:09:50

Health: -12/71     AC: 12    Str: 23    XL:     9   Next: 6%
Magic:  9/9        EV:  6    Int:  8    God:    Beogh [**....]
Gold:   113        SH:  5    Dex: 16    Spells: 8/8 levels left

rFire   . . .      SeeInvis +   a - +0 war axe
rCold   . . .      Faith    .   c - +0 buckler
rNeg    . . .      Spirit   .   D - +0 plate armour
rPois   .          Reflect  .   m - +0 helmet
rElec   .          Harm     .   (no cloak)
rCorr   .          Rampage  .   (no gloves)
Will    .....                   (no boots)
Stlth   ..........              (no amulet)
HPRegen 0.21/turn               i - ring of see invisible
MPRegen 0.11/turn               x - +6 ring of dexterity

@: no status effects
A: no striking features
a: Renounce Religion, Smiting


You were on level 8 of the Dungeon.
You worshipped Beogh.
Beogh was pleased with you.
You visited 1 branch of the dungeon, and saw 8 of its levels.

You collected 223 gold pieces.
You spent 110 gold pieces at shops.

Inventory:

Hand Weapons
 a - a +0 war axe (weapon)
Missiles
 f - 11 boomerangs
 r - 14 poisoned darts (quivered)
Armour
 c - a +0 buckler (worn)
 m - a +0 helmet (worn)
 u - a +2 scale mail of poison resistance
 D - a +0 plate armour (worn)
Jewellery
 b - an amulet of magic regeneration
 i - a ring of see invisible (left hand)
 v - a ring of ice
 x - a +6 ring of dexterity (right hand)
 y - an amulet of reflection
Wands
 j - a wand of paralysis (3)
 l - a wand of flame (9)
Scrolls
 e - a scroll of enchant weapon {unknown}
 g - a scroll of holy word {unknown}
 h - a scroll of silence {unknown}
 o - a scroll of magic mapping {unknown}
 s - 2 scrolls of fog
 t - 2 scrolls of teleportation
 C - a scroll of blinking {unknown}
Potions
 d - 2 potions of might
 k - 2 potions of invisibility
 n - 2 potions of heal wounds {unknown}
 p - 2 potions of curing
 q - 3 potions of cancellation
 w - a potion of lignification {unknown}
 z - 2 potions of degeneration {unknown}
 A - a potion of haste {unknown}
 B - 3 potions of attraction {unknown}


   Skills:
 - Level 4.0 Fighting
 + Level 14.1 Axes
 - Level 4.0 Armour
 - Level 4.0 Shields


You had 8 spell levels left.
You didn't know any spells.
Your spell library contained the following spells:

 Spells                   Type           Power      Damage    Failure   Level
 Foxfire                  Conj/Fire      0%         2x1d4     100%        1
 Slow                     Hex            0%         N/A       100%        1
 Blink                    Tloc           0%         N/A       100%        2
 Scorch                   Fire           0%         2d5       100%        2
 Sublimation of Blood     Necr           0%         N/A       100%        2
 Confusing Touch          Hex            0%         N/A       100%        3
 Conjure Flame            Conj/Fire      0%         6-21      100%        3
 Inner Flame              Hex/Fire       0%         N/A       100%        3
 Vampiric Draining        Necr           0%         2d6       100%        3
 Flame Wave               Conj/Fire      0%         2d4       100%        4
 Petrify                  Tmut/Erth      0%         N/A       100%        4
 Summon Ice Beast         Ice/Summ       0%         N/A       100%        4
 Irradiate                Conj/Tmut      0%         3d13      100%        5
 Summon Mana Viper        Hex/Summ       0%         N/A       100%        5
 Monstrous Menagerie      Summ           0%         N/A       100%        7


Dungeon Overview and Level Annotations

Branches:
Dungeon (8/15)             Temple (0/1) D:4
   Lair: D:8-11

Altars:
Ashenzari
Cheibriados
Qazlal
Xom
Yredelemnul
The Shining One
Beogh

Shops:
D:4 ?

Annotations:
D:3 1 runed translucent door, DemonSlayer's ghost, amateur DsFE
D:5 3 runed translucent doors, clackabat's ghost, novice GrGl


Message History

You are too injured to fight recklessly!
You are too injured to fight recklessly!
You are too injured to fight recklessly!
Unknown command.
You are too injured to fight recklessly!
You are too injured to fight recklessly!
You are too injured to fight recklessly!
You are too injured to fight recklessly!
You are too injured to fight recklessly!
You slash the orc warrior!
The orc warrior is heavily wounded.
The orc warrior hits you but does no damage.
You hit the orc warrior but do no damage.
The orc warrior is heavily wounded.
The orc priest looks satisfied for a moment.
The orc warrior hits you with a +0 dire flail!
* * * LOW HITPOINT WARNING * * *
You closely miss the orc warrior.
The orc warrior is heavily wounded.
You slash the orc warrior!
The orc warrior is almost dead.
The orc warrior hits you with a +0 dire flail!
* * * LOW HITPOINT WARNING * * *
An orc comes into view. It is wielding a +0 hand axe.
The orc shouts!
You hit the orc warrior but do no damage.
The orc warrior is almost dead.
The orc warrior completely misses you.
You closely miss the orc warrior.
The orc warrior is almost dead.
You block the orc warrior's attack.
You closely miss the orc warrior.
The orc warrior is severely wounded.
The orc warrior hits you with a +0 dire flail.
* * * LOW HITPOINT WARNING * * *
You hit the orc warrior but do no damage.
The orc warrior is severely wounded.
The orc warrior hits you with a +0 dire flail!!
You die...
Beogh appreciates the orc warrior's killing of a heretic priest.

#.# #.# #.# #.##
#... #######.
#....##.
#############.##.##.
#oo@....#.....##.##.
#.#####.#.######.)..
#.# #.#.# ##### #.#
###.#.# #o# #.....#
..# ####### ###


You could see an orc warrior and an orc priest.

Vanquished Creatures
  Prince Ribbit (D:7)
  An orc warrior (D:8)
  An ice beast (D:6)
  A black bear (D:6)
  2 ogres
  A phantom (D:5)
  A bullfrog (D:6)
  2 scorpions (D:4)
  A wyvern skeleton (D:6)
  A bullfrog skeleton (D:4)
  4 jellies
  2 hounds
  An orc priest (D:8)
  Jessica (D:3)
  2 centaur skeletons
  3 iguanas
  Natasha (twice) (D:2)
  4 orc wizards
  A killer bee zombie (D:5)
  A howler monkey zombie (D:7)
  Robin (D:2)
  A howler monkey skeleton (D:4)
  3 gnolls (D:3)
  4 adders
  An ufetubus (D:6)
  An adder skeleton (D:4)
  4 worms
  2 dart slugs
  14 orcs
  5 ball pythons
  5 endoplasms
  A giant cockroach (D:4)
  4 hobgoblins
  7 jackals (D:1)
  3 quokkas
  4 bats
  2 frilled lizards
  20 goblins
  6 kobolds
  9 rats
130 creatures vanquished.

Vanquished Creatures (others)
  2 withered plants (D:3)
2 creatures vanquished.

Grand Total: 132 creatures vanquished

Notes
Turn   | Place    | Note
-------+----------+-------------------------------------------
     0 | D:1      | safid the Hill Orc Fighter began the quest for the Orb.
     0 | D:1      | Reached XP level 1. HP: 19/19 MP: 1/1
   346 | D:1      | Reached XP level 2. HP: 16/27 MP: 2/2
   348 | D:1      | Reached skill level 3 in Axes
  1090 | D:1      | Reached XP level 3. HP: 33/33 MP: 3/3
  1458 | D:2      | Noticed Natasha
  1465 | D:2      | Killed Natasha
  1466 | D:2      | Reached XP level 4. HP: 30/40 MP: 4/4
  1589 | D:2      | Reached skill level 4 in Axes
  1591 | D:2      | Noticed Robin
  1783 | D:2      | Killed Robin
  2203 | D:2      | Reached skill level 5 in Axes
  2232 | D:2      | Found a faded altar of an unknown god.
  2247 | D:2      | Prayed at the altar of an unknown god.
  2247 | D:2      | Became a worshipper of Beogh the Brigand
  2247 | D:2      | Reached * piety under Beogh
  2568 | D:3      | Reached XP level 5. HP: 27/46 MP: 5/5
  2646 | D:2      | Noticed Natasha
  2651 | D:2      | Killed Natasha
  2981 | D:3      | Reached skill level 6 in Axes
  3026 | D:3      | Found a runed translucent door.
  3027 | D:3      | Noticed DemonSlayer's ghost (amateur DsFE)
  3198 | D:3      | Noticed Jessica
  3207 | D:3      | Killed Jessica
  3591 | D:4      | Found a staircase to the Ecumenical Temple.
  3613 | D:4      | Reached XP level 6. HP: 47/52 MP: 6/6
  3689 | D:4      | Found Puolug's Magic Scroll Emporium.
  3695 | D:4      | Bought a scroll of fog for 20 gold pieces
  3695 | D:4      | Bought a scroll of teleportation for 30 gold pieces
  3695 | D:4      | Bought a scroll of identify for 20 gold pieces
  3729 | D:4      | Reached skill level 7 in Axes
  3821 | D:4      | Reached skill level 8 in Axes
  4102 | D:4      | Found a stormy altar of Qazlal.
  4175 | D:4      | Reached ** piety under Beogh
  4176 | D:4      | Reached XP level 7. HP: 39/59 MP: 7/7
  4305 | D:4      | Reached skill level 9 in Axes
  4585 | D:4      | Found a basalt altar of Yredelemnul.
  4904 | D:4      | Bought 2 scrolls of identify for 40 gold pieces
  4921 | D:5      | Entered Level 5 of the Dungeon
  4938 | D:5      | Reached skill level 10 in Axes
  4940 | D:5      | Found a shimmering altar of Xom.
  4949 | D:5      | Found a snail-covered altar of Cheibriados.
  5208 | D:5      | Identified the +1 scale mail of the Storm King {rPois rN+
                  | Str+2}
  5208 | D:5      | Noticed clackabat's ghost (novice GrGl)
  5208 | D:5      | Found a runed translucent gate.
  5208 | D:5      | Found a runed translucent gate.
  5208 | D:5      | Found a runed translucent gate.
  5413 | D:5      | Found a roughly hewn altar of Beogh.
  5568 | D:5      | Reached XP level 8. HP: 48/66 MP: 8/8
  5747 | D:5      | Found a broken altar of Ashenzari.
  5825 | D:5      | Reached skill level 11 in Axes
  6491 | D:6      | Reached skill level 12 in Axes
  6989 | D:6      | Found a glowing golden altar of the Shining One.
  7483 | D:7      | Reached skill level 13 in Axes
  7676 | D:7      | Got The Foundations of Spellcasting
  7915 | D:7      | Noticed Prince Ribbit
  7930 | D:7      | Killed Prince Ribbit
  8325 | D:8      | Reached skill level 14 in Axes
  8325 | D:8      | Reached XP level 9. HP: 58/71 MP: 9/9
  8438 | D:8      | Mangled by an orc warrior

Illustrated notes

Levels and vault maps discovered:
D:1:      wander_arrival_desolate, layout_basic
D:2:      layout_loops_ring, ebering_ecumenical_altar_mist, uniq_robin,
          uniq_natasha
D:3:      layout_basic, gammafunk_ghost_grave, uniq_jessica
D:4:      layout_gridville, mainiacjoe_overflow_alcove_4,
          nicolae_overflow_crystal_walls, minmay_temple_entry_mini_moons,
          serial_shops, kennysheep_little_box, due_unseen_surprise
D:5:      layout_basic, mainiacjoe_overflow_catch_the_wave,
          lemuel_crystal_altar, biasface_ghost_orc_armoury
D:6:      layout_rooms, nicolae_tso_carved_into_rock
D:7:      layout_layer_cave, uniq_prince_ribbit1
D:8:      layout_basic, kennysheep_doodads, uniq_harold, uniq_maggie,
          uniq_gastronok

Skill      XL: |  1  2  3  4  5  6  7  8 |
---------------+-------------------------+-----
Axes           | 3 5 6 8 10 14 | 14.1
Fighting       | 4 |  4.0
Armour         | 4 |  4.0
Shields        | 4 |  4.0

Action                   |  1- 3 |  4- 6 |  7- 9 || total
-------------------------+-------+-------+-------++-------
Melee: War axe           |   103 |   111 |   209 ||   423
Throw: Dart              |       |     2 |       ||     2
       Boomerang         |       |     1 |       ||     1
Evoke: Wand              |       |     1 |       ||     1
  Use: Scroll            |       |       |     6 ||     6
Armor: Scale mail        |    48 |    47 |    77 ||   172
       Plate armour      |       |       |     3 ||     3
Dodge: Dodged            |    51 |    45 |    80 ||   176
Block: Buckler           |    18 |    24 |    54 ||    96
